AoeStats
← Kebabs&Roses

Baltic

510377829Analyzed
4v4 RM · 14h ago on Sep 30, 2026· 75m 47s· 8 players
Game mode
Random Map
Map size
Large (8 player)
Population
200
Speed
Normal
Resources
Standard
Victory
Conquest
Starting age
Dark Age
Ending age
Imperial Age
RankedLock teamsTeams togetherTeam positionsShared explorationLock speedFull tech treeHidden civsTurbo modeCheats
Victory
Defeat
🇱🇹 Japanese · Lithuania
1099
+12
🇹🇷 Saxons · Türkiye
1087
+13
🇫🇷 Varangians · France
1065
+14
🇫🇷 Byzantines · France
1062
+14
🇨🇿 Bulgarians · Czechia
1077
-15
🇨🇿 Varangians · Czechia
1051
-15
🇨🇿 Koreans · Czechia
980
-12
🇨🇿 Lithuanians · Czechia
966
-11
rigma
4:59 Loom
11:17 Feudal Age
17:26 Castle Age
15:42 Double-Bit Axe
17:05 Horse Collar
17:43 Fishing Lines
20:51 Heavy Plow
21:26 Bow Saw
22:29 Fletching
23:56 Bodkin Arrow
24:35 Gillnets
25:54 Clinker Construction
26:25 Careening
28:06 Ballistics
33:15 Wheelbarrow
33:21 Gold Mining
34:02 Forging
33:52 Scale Mail Armor
33:58 Scale Barding Armor
35:02 Squires
34:47 Gambesons
37:49 Imperial Age
35:57 Hand Cart
40:09 Two-Man Saw
39:43 Crop Rotation
40:18 Chemistry
39:43 Shipwright
39:45 Dry Dock
39:27 Bracer
39:34 Elite Longship
41:17 Carvel Hull
41:06 Stone Mining
41:43 Conscription
44:24 Husbandry
44:35 Bloodlines
43:46 Light Cavalry
44:29 Heated Shot
44:37 Murder Holes
44:26 Treadmill Crane
45:09 Cavalier
46:32 Stone Shaft Mining
48:22 Elite Varangian Guard
48:25 Hussar
49:27 Chain Mail Armor
49:47 Iron Casting
49:33 Chain Barding Armor
52:20 Plate Mail Armor
52:50 Blast Furnace
52:56 Town Watch
53:03 Arson
53:59 Plate Barding Armor
52:52 Vendel Legacy
56:20 Siphons
56:33 Caravan
59:02 Incendiaries
59:05 Medium Warships
60:55 Heavy Warships
65:15 Gothikon
71:19 Elite Jarl
Galzinator
10:14 Loom
12:00 Feudal Age
17:17 Castle Age
15:13 Double-Bit Axe
18:15 Bow Saw
18:19 Medium Warships
18:03 Gold Mining
24:13 Stone Mining
25:59 Fishing Lines
28:18 Wheelbarrow
28:44 Horse Collar
33:23 Imperial Age
31:11 Hand Cart
32:09 Greek Fire
33:52 Heavy Plow
35:28 Chemistry
36:06 Two-Man Saw
35:30 Conscription
35:34 Squires
35:57 Ballistics
38:03 Clinker Construction
39:36 Scale Mail Armor
39:27 Fletching
39:48 Forging
39:39 Padded Archer Armor
39:45 Scale Barding Armor
39:53 Elite Skirmisher
40:39 Thumb Ring
41:15 Logistica
41:41 Hoardings
40:30 Elite Varangian Guard
40:56 Arson
40:56 Gambesons
41:42 Carvel Hull
41:36 Gillnets
43:42 Heavy Warships
44:17 Careening
44:33 Shipwright
44:24 Careening
45:21 Chain Barding Armor
45:19 Chain Mail Armor
45:00 Bodkin Arrow
45:58 Iron Casting
45:39 Leather Archer Armor
46:01 Heavy Warships
47:53 Plate Mail Armor
48:00 Iron Casting
47:43 Leather Archer Armor
49:32 Elite Cataphract
51:36 Chain Barding Armor
51:28 Bracer
52:01 Ring Archer Armor
53:42 Plate Barding Armor
53:21 Fortified Wall
52:53 Treadmill Crane
53:35 Dry Dock
57:14 Caravan
57:50 Light Cavalry
58:30 Husbandry
59:07 Hussar
64:42 Murder Holes
65:16 Pikeman
67:35 Halberdier
/`。ꞈ。´\✓ saulius
4:09 Loom
12:38 Feudal Age
13:19 Horse Collar
13:26 Double-Bit Axe
21:35 Castle Age
21:14 Gold Mining
21:16 Stone Mining
24:40 Bow Saw
24:33 Heavy Plow
24:59 Medium Warships
25:25 Caravan
28:15 Fishing Lines
28:32 Fletching
29:38 Wheelbarrow
30:08 Careening
30:20 Ballistics
31:19 Forging
31:09 Scale Mail Armor
33:44 Squires
33:29 Arson
36:35 Imperial Age
34:20 Hand Cart
37:14 Iron Casting
36:54 Chain Mail Armor
37:49 Conscription
41:53 Chemistry
41:02 Thumb Ring
40:17 Crossbowman
40:19 Elite Skirmisher
41:30 Arbalester
42:09 Bodkin Arrow
42:14 Padded Archer Armor
43:56 Bracer
44:11 Leather Archer Armor
44:17 Leather Archer Armor
49:12 Kataparuto
48:13 Elite Samurai
53:29 Ring Archer Armor
59:31 Plate Mail Armor
60:02 Blast Furnace
59:41 Hoardings
68:11 Scale Barding Armor
Kebabs&Roses
7:11 Loom
9:15 Feudal Age
11:54 Double-Bit Axe
15:26 Castle Age
14:55 Horse Collar
16:49 Bow Saw
21:36 Heavy Plow
21:33 Stone Mining
23:33 Wheelbarrow
25:32 Town Watch
26:54 Scale Mail Armor
27:04 Forging
26:45 Gold Mining
29:49 Imperial Age
27:44 Hand Cart
27:29 Town Patrol
28:21 Gold Shaft Mining
28:09 Chain Mail Armor
27:59 Squires
27:44 Arson
27:45 Gambesons
29:22 Ballistics
28:44 Treadmill Crane
31:10 Iron Casting
30:26 Fletching
31:44 Chemistry
30:41 Murder Holes
30:57 Masonry
31:37 Elite Varangian Guard
32:50 Plate Mail Armor
32:19 Bodkin Arrow
33:24 Conscription
32:26 Shield Wall
35:55 Bracer
35:56 Padded Archer Armor
36:32 Thumb Ring
35:47 Crossbowman
35:54 Crossbowman
36:29 Arbalester
37:35 Leather Archer Armor
39:29 Ring Archer Armor
44:10 Caravan
45:05 Architecture
50:56 Pikeman
50:57 Man-at-Arms
52:48 Halberdier
52:48 Long Swordsman
53:22 Two-Handed Swordsman
54:39 Champion
71:18 Careening
71:29 Shipwright
71:22 Careening
70:38 Elite Longship
74:52 Guilds
75:14 Coinage
cg
6:51 Loom
10:18 Feudal Age
10:49 Double-Bit Axe
10:46 Horse Collar
19:03 Castle Age
20:19 Wheelbarrow
19:46 Heavy Plow
19:59 Bow Saw
21:47 Gold Mining
21:50 Stone Mining
23:23 Hand Cart
23:22 Town Watch
24:46 Gold Shaft Mining
27:55 Stone Shaft Mining
30:31 Imperial Age
29:01 Town Patrol
29:53 Forging
29:43 Scale Mail Armor
29:31 Gambesons
29:46 Squires
29:31 Arson
30:03 Masonry
29:53 Murder Holes
30:20 Ballistics
31:18 Bagains
32:16 Crop Rotation
31:46 Fletching
32:32 Iron Casting
32:12 Chain Mail Armor
32:47 Architecture
32:50 Conscription
32:51 Siege Engineers
34:17 Plate Mail Armor
34:51 Blast Furnace
33:51 Bodkin Arrow
36:26 Bracer
36:27 Padded Archer Armor
37:07 Elite Skirmisher
37:53 Thumb Ring
38:51 Chemistry
38:22 Architecture
42:06 Leather Archer Armor
44:13 Coinage
45:25 Banking
53:06 Scale Barding Armor
57:32 Chain Barding Armor
Kubino.
6:54 Loom
11:23 Feudal Age
18:20 Castle Age
19:33 Fletching
21:34 Medium Warships
26:08 Double-Bit Axe
26:06 Horse Collar
27:00 Heavy Plow
27:56 Wheelbarrow
30:39 Imperial Age
28:44 Bow Saw
29:24 Stone Mining
29:25 Gold Mining
29:32 Gold Mining
31:04 Stone Shaft Mining
31:16 Bloodlines
31:07 Husbandry
31:22 Forging
31:18 Scale Barding Armor
32:10 Conscription
34:14 Chemistry
33:11 Cavalier
37:55 Crop Rotation
38:03 Hand Cart
42:15 Two-Man Saw
42:13 Paladin
43:34 Iron Casting
43:20 Chain Barding Armor
45:48 Plate Barding Armor
46:40 Elite Leitis
50:59 Ballistics
Luke︻芫----
6:58 Loom
14:23 Feudal Age
15:43 Wheelbarrow
15:14 Double-Bit Axe
15:14 Horse Collar
15:55 Gold Mining
15:57 Stone Mining
23:03 Castle Age
22:37 Padded Archer Armor
22:28 Fletching
22:48 Forging
22:39 Scale Mail Armor
22:45 Scale Barding Armor
24:06 Hand Cart
24:06 Bow Saw
25:05 Stone Shaft Mining
25:11 Pikeman
33:51 Imperial Age
35:32 Ballistics
36:13 Chemistry
40:34 Heavy Mounted Crossbowman
40:35 Cranequins
41:47 Heavy Plow
42:16 Elite Skirmisher
42:30 Elite Jarl
43:31 Conscription
42:33 Gothikon
53:14 Two-Man Saw
52:55 Leather Archer Armor
57:43 Ring Archer Armor
58:29 Crop Rotation
SGTEAM
12:22 Feudal Age
12:45 Horse Collar
12:53 Double-Bit Axe
17:56 Castle Age
15:46 Fishing Lines
16:36 Gold Mining
18:05 Wheelbarrow
19:10 Bow Saw
24:06 Gold Shaft Mining
25:36 Ballistics
26:17 Stone Mining
27:15 Fletching
32:20 Imperial Age
30:49 Stone Shaft Mining
30:53 Hand Cart
30:56 Clinker Construction
30:58 Careening
31:00 Bodkin Arrow
33:32 Shinkichon
33:49 Elite Turtle Ship
35:52 Bracer
36:42 Dry Dock
38:23 Carvel Hull
43:37 Chemistry
Connection lost

Rejoining the realm…

Still unreachable

The connection could not be restored.

Session expired

The server has moved on; the page needs a fresh start.